 Dungeon Crawl Stone Soup version 0.22.1-1-ga44c0e5 (webtiles) character file.

7162 Malog the Blocker (level 11, -14/83 HPs)
             Began as a Formicid Hunter on Sept 27, 2018.
             Was a Follower of Fedhas.
             Killed from afar by a gargoyle (18 damage)
             ... with a stone arrow
             ... on level 13 of the Dungeon.
             The game lasted 00:36:46 (11240 turns).

Malog the Blocker (Formicid Hunter)                Turns: 11240, Time: 00:36:48

Health: -14/83     AC: 25    Str: 20 (21) XL:     11   Next: 32%
Magic:  10/11      EV: 11    Int: 10      God:    Fedhas [*.....]
Gold:   333        SH:  5    Dex: 13 (14) Spells: 10/10 levels left

rFire    . . .     SeeInvis +   b - +4 dire flail (protect)
rCold    . . .     Gourm    .   x - +0 buckler
rNeg     . . .     Faith    .   m - +0 plate armour
rPois    +         Spirit   .   (helmet unavailable)
rElec    .         Reflect  .   w - scarf {repulsion}
rCorr    .         Harm     .   (no gloves)
MR       +....                  (no boots)
Stlth    ..........             (no amulet)
HPRegen  0.23/turn              h - ring of poison resistance
MPRegen  0.12/turn              l - +4 ring of protection

@: agile, protection aura, very heavily drained, repel missiles
A: permanent stasis, dig shafts and tunnels, four strong arms, antennae 3, icy
blue scales 1, clumsy 1, deterioration 1
a: Dig, Shaft Self, Fungal Bloom, Sunlight, Renounce Religion


You were on level 13 of the Dungeon.
You worshipped Fedhas.
Fedhas was aware of your devotion.
You were near starving.

You visited 2 branches of the dungeon, and saw 13 of its levels.

You collected 553 gold pieces.
You spent 220 gold pieces at shops.

Inventory:

Hand Weapons
 a - a +1 hand crossbow of velocity
 b - a +4 dire flail of protection (weapon)
 c - a +2 whip of flaming
 p - a +0 blowgun
Missiles
 d - 113 bolts
 t - 29 poisoned needles
Armour
 m - a +0 plate armour (worn)
 w - a scarf of repulsion (worn)
 x - a +0 buckler (worn)
Jewellery
 h - a ring of poison resistance (left hand)
 l - a +4 ring of protection (right hand)
 A - an uncursed ring of magical power
Wands
 o - a wand of polymorph (10)
 r - a wand of flame (17)
 z - a wand of paralysis (16)
Scrolls
 j - 2 scrolls of magic mapping
 n - 2 scrolls of blinking
 q - 7 scrolls of identify
 s - 4 scrolls of remove curse
 u - a scroll of amnesia
 C - 2 scrolls of fog
Potions
 e - 2 potions of berserk rage
 k - a potion of flight
Comestibles
 f - 4 rations


   Skills:
 - Level 6.5(2.7) Fighting
 - Level 8.9(4.9) Maces & Flails
 - Level 4.8(1.2) Crossbows
 - Level 8.5(4.5) Armour
 - Level 5.4(1.7) Dodging
 - Level 1.2(0.0) Stealth
 + Level 9.8(5.6) Shields


You had 10 spell levels left.
You didn't know any spells.
Your spell library contained the following spells:

 Spells                   Type           Power        Failure   Level  Hunger
 Bolt of Magma            Conj/Fire/Erth #.........   100%        5    ######.
 Iskenderun's Battlesphe  Conj/Chrm      #.......     100%        5    ######.
 Venom Bolt               Conj/Pois      #.........   100%        5    ######.
 Iron Shot                Conj/Erth      #.........   100%        6    #######
 Orb of Destruction       Conj           #.........   100%        7    #######
 Spellforged Servitor     Conj/Summ      #.........   100%        7    #######


Dungeon Overview and Level Annotations

Branches:
Dungeon (15/15)            Temple (1/1) D:6             Orc (0/2) D:10
   Lair: D:8-11      Vaults: D:13-14     Depths: D:15

Altars:
Dithmenos
Fedhas
Gozag
Nemelex Xobeh
Qazlal
Sif Muna
Uskayaw
Vehumet
Wu Jian
Zin

Shops:
D:5 ?   D:13 [

Annotations:
D:10 Sonja


Innate Abilities, Weirdness & Mutations

You cannot be hasted, slowed, berserked, paralysed or teleported.
You can dig through walls and to a lower floor.
Your four strong arms can wield two-handed weapons with a shield.
You have a pair of large antennae on your head. (SInv)
You are partially covered in icy blue scales. (AC +2)
You are clumsy. (Dex -2)
Your body sometimes deteriorates upon taking damage.


Message History

You hit the gargoyle but do no damage.
The gargoyle is moderately damaged.
The centaur warrior skeleton barely misses you.
The orc hits you but does no damage.
The gargoyle hurls a stone arrow at you.
The stone arrow is repelled.
The stone arrow hits the orc.
The orc dies!
You hit the gargoyle.
The gargoyle is heavily damaged.
The centaur warrior skeleton hits you but does no damage. x2
The gargoyle hits you with a flail!
* * * LOW HITPOINT WARNING * * *
Unknown command.
You hit the gargoyle.
The gargoyle is heavily damaged.
The centaur warrior skeleton hits you but does no damage.
The gargoyle hurls a stone arrow at you.
The stone arrow hits you!
You die...
Fedhas appreciates your contribution to the ecosystem.

#.....#+#.
#........#
#........#
#........#
#........#
#........#
#....9Z..#
#..รท@..#
#..##).#
#... ..#
#.. ..# #.
... # ....
.....
......


You could see a gargoyle and a centaur warrior skeleton.

Vanquished Creatures
  A two-headed ogre (D:13)
  An unseen horror (D:6)
  Pikel (D:4)
  A spiny frog (shapeshifter) (D:15)
  Grinder (D:4)
  3 hippogriffs
  A basilisk (D:10)
  A wraith (D:10)
  Eustachio (D:5)
  2 hungry ghosts
  Edmund (D:4)
  3 water moccasins
  2 porcupines
  An orc warrior (D:9)
  A sky beast (D:7)
  A black bear (D:6)
  4 ice beasts
  4 slaves (D:3)
  A phantom (D:5)
  4 ogres
  5 centaurs
  Blork the orc (D:5)
  3 bullfrogs
  A wyvern skeleton (D:10)
  3 wights (D:9)
  5 howler monkeys
  3 crimson imps
  2 hounds
  A quasit (D:10)
  A centaur skeleton (D:9)
  2 orc priests
  7 orc wizards
  A bullfrog skeleton (D:10)
  An iguana (D:4)
  Jessica (D:2)
  Terence (D:2)
  5 worker ants
  2 hound skeletons
  3 gnolls (D:5)
  12 adders
  3 shadow imps
  2 adder skeletons
  4 worms
  A dart slug (D:1)
  2 leopard geckos
  12 orcs
  6 bats
  8 giant cockroaches
  6 hobgoblins
  20 jackals
  9 kobolds
  4 quokkas
  2 ball pythons (D:3)
  7 frilled lizards
  4 goblins
  A leopard gecko skeleton (D:7)
  5 rats
191 creatures vanquished.

Vanquished Creatures (others)
  A wolf spider zombie (D:15)
  A hungry ghost (D:13)
  A hornet zombie (D:15)
  A necrophage (D:9)
  An orc (D:13)
  3 jackals (D:9)
  2 bushes (D:10)
  6 fungi (D:10)
  13 plants (D:10)
  68 toadstools
97 creatures vanquished.

Grand Total: 288 creatures vanquished

Notes
Turn   | Place    | Note
-------+----------+-------------------------------------------
     0 | D:1      | Malog the Formicid Hunter began the quest for the Orb.
     0 | D:1      | Reached XP level 1. HP: 16/16 MP: 1/1
   738 | D:1      | Reached XP level 2. HP: 9/23 MP: 2/2
  1426 | D:2      | Reached skill level 1 in Armour
  1426 | D:2      | Reached XP level 3. HP: 13/28 MP: 3/3
  1824 | D:2      | Found a deep blue altar of Sif Muna.
  1861 | D:2      | Reached XP level 4. HP: 31/34 MP: 4/4
  2020 | D:2      | Noticed Jessica
  2021 | D:2      | Found a hide-covered altar of Uskayaw.
  2021 | D:2      | Noticed a dagger
  2022 | D:2      | Noticed a hand axe
  2024 | D:2      | Killed Jessica
  2024 | D:2      | Reached XP level 5. HP: 32/41 MP: 5/5
  2067 | D:2      | Noticed Terence
  2077 | D:2      | Killed Terence
  3002 | D:3      | Reached XP level 6. HP: 47/47 MP: 6/6
  3053 | D:3      | Found a shadowy altar of Dithmenos.
  3346 | D:4      | Noticed an ogre
  3396 | D:4      | Noticed Pikel
  3396 | D:4      | Noticed a slave
  3396 | D:4      | Noticed a slave
  3396 | D:4      | Noticed a slave
  3396 | D:4      | Noticed a slave
  3477 | D:3      | Killed a slave
  3648 | D:3      | Killed a slave
  3755 | D:3      | Gained mutation: You are clumsy. (Dex -2) [potion of
                  | mutation]
  3755 | D:3      | Gained mutation: Your body sometimes deteriorates upon
                  | taking damage. [potion of mutation]
  3755 | D:3      | Gained mutation: You are partially covered in icy blue
                  | scales. (AC +2) [potion of mutation]
  3763 | D:3      | Killed an ogre
  3763 | D:3      | Reached skill level 1 in Maces & Flails
  3774 | D:3      | Killed a slave
  3778 | D:3      | Killed a slave
  4011 | D:4      | Killed Pikel
  4011 | D:4      | Reached skill level 5 in Armour
  4011 | D:4      | Reached XP level 7. HP: 19/52 MP: 7/7
  4011 | D:4      | Reached XP level 8. HP: 21/58 MP: 8/8
  4516 | D:4      | Noticed Edmund
  4563 | D:4      | Killed Edmund
  4563 | D:4      | Reached skill level 5 in Maces & Flails
  4865 | D:4      | Found an opulent altar of Gozag.
  4865 | D:4      | Found a sparkling altar of Nemelex Xobeh.
  5232 | D:4      | Noticed Grinder
  5252 | D:4      | Killed Grinder
  5530 | D:5      | Entered Level 5 of the Dungeon
  5690 | D:5      | Reached XP level 9. HP: 53/64 MP: 9/9
  5857 | D:5      | Noticed Blork the orc
  5862 | D:5      | Found a glowing silver altar of Zin.
  5866 | D:5      | Killed Blork the orc
  6070 | D:5      | Found Vudwiur's Magic Scroll Shoppe.
  6073 | D:5      | Bought a scroll of brand weapon for 220 gold pieces
  6478 | D:5      | Noticed Eustachio
  6497 | D:5      | Killed Eustachio
  6617 | D:5      | Found a radiant altar of Vehumet.
  6958 | D:6      | Noticed an unseen horror
  6985 | D:6      | Killed an unseen horror
  6985 | D:6      | Reached skill level 5 in Fighting
  6985 | D:6      | Reached XP level 10. HP: 58/74 MP: 10/10
  7311 | D:6      | Found a staircase to the Ecumenical Temple.
  7320 | Temple   | Entered the Ecumenical Temple
  7344 | Temple   | Became a worshipper of Fedhas Madash
  7843 | D:7      | Reached skill level 5 in Dodging
  8141 | D:7      | Found a stormy altar of Qazlal.
  8409 | D:7      | You fall through a shaft for 3 floors!
  8409 | D:10     | Entered Level 10 of the Dungeon
  8790 | D:9      | Reached skill level 1 in Shields
  8803 | D:9      | Reached skill level 2 in Shields
  8830 | D:9      | Reached skill level 3 in Shields
  8968 | D:9      | Reached * piety under Fedhas
  9268 | D:9      | Reached skill level 4 in Shields
  9648 | D:10     | Reached skill level 5 in Shields
  9790 | D:10     | Reached skill level 6 in Shields
  9924 | D:10     | Reached XP level 11. HP: 83/83 MP: 11/11
  9935 | D:10     | Found a staircase to the Orcish Mines.
  9970 | D:10     | Reached skill level 7 in Shields
 10122 | D:10     | Noticed Sonja
 10142 | D:10     | You fall through a shaft for 3 floors!
 10142 | D:13     | Noticed a manticore
 10143 | D:13     | Noticed a two-headed ogre
 10147 | D:13     | You fall through a shaft!
 10373 | D:14     | Noticed a centaur warrior
 10383 | D:14     | You fall through a shaft!
 10383 | D:15     | Entered Level 15 of the Dungeon
 10754 | D:15     | Reached skill level 8 in Shields
 11178 | D:15     | Noticed a centaur warrior
 11184 | D:13     | Found Ryfufe's Antique Armour Boutique.
 11184 | D:13     | Noticed a two-headed ogre
 11193 | D:13     | Paralysed by fainting for 10 turns
 11204 | D:13     | Killed a two-headed ogre
 11204 | D:13     | Reached skill level 9 in Shields
 11239 | D:13     | HP: 4/83 [gargoyle/flail (12)]
 11240 | D:13     | Killed from afar by a gargoyle

Skill      XL: |  1  2  3  4  5  6  7  8  9 10 11 |
---------------+----------------------------------+-----
Dodging        | 2 4 5 |  5.4
Armour         | 1 2 5 7 8 |  8.5
Fighting       | 3 5 6 |  6.5
Maces & Flails | 4 6 8 |  8.9
Shields        | 6 9 |  9.8
Crossbows      | |  4.8
Stealth        | |  1.2

Action                   |  1- 3 |  4- 6 |  7- 9 | 10-12 || total
-------------------------+-------+-------+-------+-------++-------
Melee: Short sword       |    34 |       |       |       ||    34
       Spear             |    66 |   140 |       |       ||   206
       Flail             |       |   160 |    81 |       ||   241
       Dire flail        |       |       |   220 |   369 ||   589
 Fire: Hand crossbow     |     3 |     9 |       |     5 ||    17
       Blowgun           |       |    10 |       |       ||    10
Invok: Fungal Bloom      |       |       |       |    25 ||    25
       Sunlight          |       |       |       |     6 ||     6
 Abil: Shaft Self        |       |       |       |     4 ||     4
       Dig               |       |       |       |     1 ||     1
Evoke: Wand              |       |       |       |     3 ||     3
  Use: Potion            |     2 |     4 |     1 |    10 ||    17
       Scroll            |       |     8 |     3 |     7 ||    18
 Stab: Sleeping          |     1 |       |       |       ||     1
  Eat: Chunk             |     3 |     7 |    10 |     8 ||    28
       Ration            |       |       |       |    13 ||    13
Armor: Leather armour    |     8 |       |       |       ||     8
       Plate armour      |    59 |   224 |   286 |   377 ||   946
       Skin              |       |       |       |   108 ||   108
Dodge: Dodged            |    39 |   109 |   127 |   152 ||   427
       Deflected         |       |       |       |     9 ||     9
Block: Buckler           |       |       |       |    89 ||    89
